Unix NetHack Version 5.0.0-0 post-release - last build May 31 2026 23:59:36 (970b52f25bf058293b47ddfd14a1e40e571c508c,branch:main).

Game began 2026-06-09 08:13:47, ended 2026-06-09 08:18:33.

LDaviesPeters, neutral female human Archeologist

                                                       --
                                                      --.-----
                                                      |......|
                                                      |.....-
                                                      ---...--
                                                      --|<|.....
                                                     --.|.|.----
                                                     |......|
                                                     |.....--
                                                    ----@G#-
                                                    -..*.h|
                                                      ---.|
                                                       |..-
                                                       -...
                                                       ....
                                                       -...
                                                       |....
                                                       ------

LDaviesPeters the Field Worker  St:10 Dx:9 Co:13 In:13 Wi:18 Ch:12  Neutral
Dlvl:3  $:11 HP:0(30) Pw:11(11) AC:9  Xp:3 T:593 

Latest messages:
 The door opens.
 You see here a statue of a goblin.
 You swap places with your little dog.
 This door is locked.
 This door is locked.
 This door is locked.
 In what direction? 4
 Whammm!!
 In what direction? 4
 Thwack!!
 In what direction? 4
 Whammm!!
 In what direction? 4
 As you kick the door, it crashes open!
 You stop.  Your little dog is in the way!
 You see here a large box.
 Hmmm, the large box turns out to be locked.
 You descend the stairs.
 You lash the gnome.
 You kill the gnome!
 The gnome hits!
 You miss the gnome.
 The gnome hits!
 You kill the gnome!
 Welcome to experience level 3.
 You see here a gnome corpse.
 There is a gnome corpse here; eat it? [ynq] (n) y
 This gnome corpse tastes terrible!
 You hear crashing rock.
 You hear crashing rock.
 You finish eating the gnome corpse.
 You lash the gnome lord.
 The gnome lord hits!
 You kill the gnome lord!
 You lash the gnome.
 The gnome hits!
 You kill the gnome!
 The dwarf swings his pick-axe.
 The dwarf hits!
 You lash the dwarf.
 The gnome throws a dart!
 You are hit by a dart.
 You lash the dwarf.
 The dwarf swings his pick-axe.
 The dwarf hits!
 You lash the dwarf.
 The dwarf swings his pick-axe.
 The dwarf hits!
 You die...
 Do you want your possessions identified? [ynq] (y) q

Inventory:
 Coins    ('$')
  $ - 11 gold pieces
 Weapons  (')')
  n - a +0 orcish dagger
  a - a +2 bullwhip (weapon in left hand)
 Armor    ('[')
  c - a blessed +0 fedora (being worn)
  h - an uncursed +0 leather jacket (being worn)
 Comestibles  ('%')
  i - an uncursed apple
  d - 3 uncursed food rations
 Scrolls  ('?')
  o - a cursed scroll of enchant armor
 Potions  ('!')
  k - a blessed potion of gain energy
  l - an uncursed potion of see invisible
  m - an uncursed potion of water
 Rings    ('=')
  j - an uncursed ring of teleport control (on left hand)
 Tools    ('(')
  b - an empty uncursed sack
  p - a +0 pick-axe (alternate weapon; not wielded)
  f - a tinning kit (0:61)
 Gems/Stones  ('*')
  g - an uncursed touchstone

LDaviesPeters the Archeologist's attributes:

Background:
 You were a Field Worker, a level 3 female human Archeologist.
 You were neutral, on a mission for Camaxtli
 who was opposed by Quetzalcoatl (lawful) and Huhetotl (chaotic).
 You were left-handed.
 You were in the Gnomish Mines, on level 3.
 You entered the dungeon 593 turns ago.
 You had 63 experience points, 17 more were needed to attain level 4.

Basics:
 You had 0 out of 30 hit points.
 You had all 11 energy points (spell power).
 Your armor class was 9.
 Your wallet contained 11 zorkmids.
 Autopickup was off.

Final Characteristics:
 Your strength was 10 (limit:18/100).
 Your dexterity was 9 (limit:18).
 Your constitution was 13 (limit:18).
 Your intelligence was 13 (limit:18).
 Your wisdom was 18 (limit:18).
 Your charisma was 12 (limit:18).

Final Status:
 You weren't hungry.
 You were unencumbered.
 You were wielding a whip.
 You had basic skill with whip.

Final Attributes:
 You were fervently aligned.
 You had automatic searching.
 You had teleport control.
 You were lucky.
 You are dead.

Miscellaneous:
 You didn't encounter any bones levels.
 Total elapsed playing time was 4 minutes and 44 seconds.

Major events:
 Turn
    1: LDaviesPeters the neutral female human Archeologist entered the dungeon
  554: entered the Gnomish Mines
  567: attained the rank of Field Worker (level 3)
  593: killed by a dwarf

You didn't know any spells.

Skills:
 Fighting Skills
   bare handed combat [Unskilled]
   two weapon combat  [Unskilled]
   riding             [Unskilled]
 Weapon Skills
   dagger             [Unskilled]
   knife              [Unskilled]
   pick-axe           [Basic]
   short sword        [Unskilled]
   saber              [Unskilled]
   club               [Unskilled]
   quarterstaff       [Unskilled]
   sling              [Unskilled]
   dart               [Unskilled]
   boomerang          [Unskilled]
   whip               [Basic]
   unicorn horn       [Unskilled]
 Spellcasting Skills
   attack spells      [Unskilled]
   healing spells     [Unskilled]
   divination spells  [Unskilled]
   matter spells      [Unskilled]

Voluntary challenges:
 Character rerolling was not enabled.
 You were an atheist.
 You never genocided any monsters.
 You never polymorphed an object.
 You never changed form.
 You used no wishes.
Achievements:
 You entered the Gnomish Mines.
 You attained the rank of Field Worker.

 The Dungeons of Doom: levels 1 to 2
    Level 1:
    Level 2:
       A fountain.
       Stairs down to The Gnomish Mines.
 The Gnomish Mines:
    Level 3: <- You were here.
       Final resting place for
          you, killed by a dwarf.


Vanquished creatures:
  a gnome leader
  3 gnomes
  2 jackals
  a fox
  a goblin
  2 grid bugs
  3 lichens
  2 newts
15 creatures vanquished.

No species were genocided or became extinct.

Game over:
                       ----------
                      /          \
                     /    REST    \
                    /      IN      \
                   /     PEACE      \
                  /                  \
                  |  LDaviesPeters   |
                  |      11 Au       |
                  |   killed by a    |
                  |      dwarf       |
                  |                  |
                  |                  |
                  |       2026       |
                 *|     *  *  *      | *
        _________)/\\_//(\/(/\)/\//\/|_)_______

Goodbye LDaviesPeters the Archeologist...

You died in The Gnomish Mines on dungeon level 3 with 362 points,
and 11 pieces of gold, after 593 moves.
You were level 3 with a maximum of 30 hit points when you died.

